 Dungeon Crawl Stone Soup version 0.23-a0-550-g7de1f8e (webtiles) character file.

368 ChrisM345 the Slasher (level 6, -8/51 HPs)
             Began as a Draconian Abyssal Knight on Dec 8, 2018.
             Was a Priest of Lugonu.
             Mangled by a crocodile (13 damage)
             ... in a sewer.
             The game lasted 00:19:14 (4139 turns).

ChrisM345 the Slasher (Draconian Abyssal Knight)    Turns: 4139, Time: 00:19:15

Health: -8/51      AC:  6    Str: 17    XL:     6   Next: 41%
Magic:  7/7        EV: 13    Int: 12    God:    Lugonu [***...]
Gold:   206        SH:  0    Dex: 10    Spells: 5/5 levels left

rFire    + . .     SeeInvis .   a - +1 falchion
rCold    + . .     Gourm    .   (no shield)
rNeg     . . .     Faith    .   (armour unavailable)
rPois    +         Spirit   .   (helmet restricted)
rElec    +         Reflect  .   (no cloak)
rCorr    +         Harm     .   (no gloves)
MR       .....                  (no boots)
Stlth    +.........             e - amulet of rage
HPRegen  0.17/turn              (no ring)
MPRegen  0.10/turn              (no ring)

@: resistant
A: unfitting armour, cold-blooded, AC +6
a: Depart the Abyss, Bend Space, Banish, Renounce Religion, Evoke Berserk Rage


You were in a sewer.
You worshipped Lugonu.
Lugonu was most pleased with you.
You were not hungry.

You visited 1 branch of the dungeon, and saw 5 of its levels.
You visited the Abyss 1 time.
You also visited: Sewer.

You collected 206 gold pieces.

Inventory:

Hand Weapons
 a - a +1 falchion (weapon)
 j - a +0 hunting sling
 v - a +0 long sword
 w - a +0 hunting sling
Missiles
 l - 5 large rocks
 n - 50 arrows
 o - 3 stones
 q - 33 poisoned needles
 r - 58 bolts (quivered)
 A - 42 sling bullets
Armour
 k - a +0 leather armour
Jewellery
 e - an amulet of rage (around neck)
 t - a +2 ring of dexterity {unknown}
 G - an uncursed amulet of the gourmand {unknown}
Wands
 i - a wand of flame (10)
 F - a wand of iceblast (9)
Scrolls
 d - 2 scrolls of remove curse {unknown}
 f - a scroll of magic mapping {unknown}
 g - 5 scrolls of identify {unknown}
 p - 2 scrolls of amnesia {unknown}
 s - 2 scrolls of teleportation {unknown}
 y - a scroll of immolation {unknown}
 B - 2 scrolls of fog {unknown}
 E - a scroll of blinking {unknown}
Potions
 h - 4 potions of curing {unknown}
 m - 2 potions of mutation {unknown}
 u - a potion of heal wounds {unknown}
 x - 2 potions of agility {unknown}
 z - a potion of brilliance {unknown}
 C - 3 potions of flight {unknown}
 D - a potion of degeneration {unknown}
Comestibles
 b - 5 rations
 H - 8 chunks of flesh


   Skills:
 - Level 3.2 Fighting
 * Level 6.0 Long Blades
 + Level 3.3 Dodging
 + Level 1.3 Stealth
 - Level 2.0 Invocations


You had 5 spell levels left.
You didn't know any spells.
Your spell library was empty.

Dungeon Overview and Level Annotations

Branches:
Dungeon (5/15)
 Temple: D:4-7

Altars:
Dithmenos
Hepliaklqana
Kikubaaqudgha
Nemelex Xobeh
Okawaru
Sif Muna
Xom
The Shining One

Annotations:
D:5 Eustachio


Innate Abilities, Weirdness & Mutations

Your plain brown scales are hard. (AC +6)
You cannot fit into any form of body armour.
You are cold-blooded and may be slowed by cold attacks.


Message History

The crocodile is moderately wounded.
The crocodile bites you!
You barely miss the crocodile.
The crocodile is moderately wounded.
The crocodile bites you but does no damage.
You hit the crocodile but do no damage.
Your tail-slap misses the crocodile.
The crocodile is moderately wounded.
The crocodile misses you. The crocodile bites you.
You hit the crocodile but do no damage.
The crocodile is moderately wounded.
The crocodile bites you!
* * * LOW HITPOINT WARNING * * *
Okay, then.
Wield which item (- for none, * to show all)? (? for menu, Esc to quit)
Okay, then.
It was a potion of resistance.
You feel protected. The crocodile bites you!
You die...

##...รท.## ##...##
##.## #.# #.#
###### #.# #.....#
#.# $...... #.#
%$.....####@#######
)}........t........
)$.....############
$...... #.....#
######


You could see a crocodile.

Vanquished Creatures
  An ogre (D:4)
  3 vampire bats (D:3)
  A worker ant (D:4)
  4 adders (D:2)
  A shadow imp (D:5)
  2 oozes
  2 adder skeletons
  3 worms
  A dart slug (D:5)
  7 leopard geckos
  3 bat skeletons (D:3)
  3 bat zombies (D:3)
  5 giant cockroaches
  6 goblins
  6 hobgoblins
  4 jackals (D:3)
  2 quokkas (D:5)
  11 bats
  4 frilled lizards
  3 kobolds
  A quokka skeleton (D:4)
  5 rats
  A plant (D:1)
79 creatures vanquished.

Notes
Turn   | Place    | Note
-------+----------+-------------------------------------------
     0 | Abyss:1  | ChrisM345 the Draconian Abyssal Knight began the quest for
                  | the Orb.
     0 | Abyss:1  | Reached XP level 1. HP: 19/19 MP: 2/2
     0 | D:1      | Escaped the Abyss
   123 | D:1      | Reached * piety under Lugonu
   436 | D:1      | Reached XP level 2. HP: 24/26 MP: 3/3
   983 | D:2      | Reached skill level 3 in Long Blades
  1094 | D:2      | Reached XP level 3. HP: 29/31 MP: 4/4
  1346 | D:2      | Found a shadowy altar of Dithmenos.
  1348 | D:2      | Found a hazy altar of Hepliaklqana.
  1527 | D:2      | Reached XP level 4. HP: 26/38 MP: 5/5
  1796 | D:2      | Reached skill level 4 in Long Blades
  2153 | D:3      | Found an iron altar of Okawaru.
  2495 | D:3      | Reached ** piety under Lugonu
  2700 | D:3      | Found an ancient bone altar of Kikubaaqudgha.
  2710 | D:3      | Reached XP level 5. HP: 45/45 MP: 6/6
  2726 | D:3      | Reached skill level 5 in Long Blades
  3061 | D:3      | Reached skill level 1 in Stealth
  3357 | D:4      | You fall through a shaft!
  3357 | D:5      | Entered Level 5 of the Dungeon
  3406 | D:5      | Found a shimmering altar of Xom.
  3491 | D:5      | Noticed Eustachio
  3657 | D:4      | Noticed an ogre
  3668 | D:4      | Killed an ogre
  3668 | D:4      | Reached XP level 6. HP: 35/51 MP: 7/7
  3967 | D:4      | Found a sparkling altar of Nemelex Xobeh.
  3967 | D:4      | Found a deep blue altar of Sif Muna.
  3968 | D:4      | Found a glowing golden altar of the Shining One.
  4065 | D:4      | Found a glowing drain.
  4074 | D:4      | Reached skill level 6 in Long Blades
  4087 | Sewer    | Entered a sewer
  4103 | Sewer    | Reached *** piety under Lugonu
  4139 | Sewer    | Mangled by a crocodile

Vault maps used:
D:1:      roderic_crop_circles_arrival_small
D:2:      minmay_skewed_foursquare, grunt_temple_overflow_open
D:3:      kennysheep_vampire_church, first_ration, grunt_decor_fettered,
          okawaru_metal_pillars_1_2
D:4:      gammafunk_temple_overflow_claw, kennysheep_mini,
          gup_sewer_entry_bubbles
D:5:      nicolae_overflow_crystal_walls, hangedman_abyss_or_decor_stagger,
          grunt_gozag_statues, uniq_eustachio
Sewer:    sewer_big_baddie

Skill      XL: |  1  2  3  4  5  6 |
---------------+-------------------+-----
Long Blades    | 3 4 5 6 |  6.0
Dodging        | 3 |  3.3
Stealth        | 1 |  1.3
Fighting       | |  3.2
Invocations    | |  2.0

Action                   |  1- 3 |  4- 6 || total
-------------------------+-------+-------++-------
Melee: Falchion          |   123 |   190 ||   313
       Tailslap          |    20 |    23 ||    43
Invok: Depart the Abyss  |     1 |       ||     1
  Use: Potion            |       |     1 ||     1
 Stab: Sleeping          |       |     2 ||     2
  Eat: Chunk             |     2 |     5 ||     7
       Ration            |       |     1 ||     1
Armor: Skin              |    27 |    89 ||   116
Dodge: Dodged            |    50 |   184 ||   234
       Rpst.: Falchion   |    17 |    55 ||    72

Table legend:
 A = Non-vault XP
 B = Vault XP
 C = Vault XP percentage of total XP
 D = Non-vault monster count
 E = Vault monster count
 F = Vault count percentage of total count
                 A         B        C        D         E       F
            +---------+---------+-------+---------+---------+-------
      Total |     307 |     220 |  41.7 |      53 |      25 |  32.1
            +---------+---------+-------+---------+---------+-------
        D:1 |      24 |       0 |   0.0 |      12 |       0 |   0.0
        D:2 |      73 |      19 |  20.7 |      16 |       3 |  15.8
        D:3 |      28 |     179 |  86.5 |      15 |       9 |  37.5
        D:4 |     158 |      17 |   9.7 |       5 |       8 |  61.5
        D:5 |      24 |       0 |   0.0 |       5 |       0 |   0.0
      Sewer |       0 |       5 | 100.0 |       0 |       5 | 100.0
            +---------+---------+-------+---------+---------+-------
